 Dungeon Crawl Stone Soup version 0.31-a0-217-g58bb5d79cf (webtiles) character file.

Game seed: 13045458387553954477

100 qw the Shooter (level 4, -2/26 HPs)
             Began as a Gargoyle Hexslinger on July 2, 2023.
             Slain by a scorpion (3 damage)
             ... on level 3 of the Dungeon.
             The game lasted 00:00:41 (1454 turns).

qw the Shooter (Gargoyle Hexslinger)                Turns: 1454, Time: 00:00:42

Health: -2/26      AC:  6    Str: 11    XL:     4   Next: 74%
Magic:  5/5        EV: 11    Int: 14    God:
Gold:   167        SH:  0    Dex: 14    Spells: 4/5 levels left

rFire   . . .        Y - +1 sling
rCold   . . .        (no shield)
rNeg    + . .        f - +0 leather armour
rPois   inf          (no helmet)
rElec   +            (no cloak)
rCorr   .            (no gloves)
SInv    .            (no boots)
Will    .....        (no amulet)
Stlth   +            (no ring)
HPRegen 0.24/turn    (no ring)
MPRegen 0.09/turn

%: no passive effects
@: no status effects
A: sickness immunity, AC +3, negative energy resistance 1, electricity
resistance, torment resistance 1, petrification resistance
a: no special abilities


You were on level 3 of the Dungeon.
You visited 1 branch of the dungeon, and saw 3 of its levels.

You collected 167 gold pieces.


Innate Abilities, Weirdness & Mutations

You are immune to sickness and miasma.
Your stone body is resilient. (AC +3)
You are immune to poison.
You resist negative energy. (rN+)
You are resistant to electric shocks. (rElec)
You are resistant to unholy torment.
You are immune to petrification.


   Skills:
 - Level 2.0 Fighting
 + Level 4.4 Ranged Weapons
 - Level 1.5 Dodging
 - Level 1.0 Spellcasting
 - Level 2.6 Hexes


You had 4 spell levels left.
You knew the following spells:

 Your Spells              Type           Power      Damage    Failure   Level
a - Slow                  Hex            32%        N/A       12%         1

Your spell library contained the following spells:

 Spells                   Type           Power      Damage    Failure   Level
 Inner Flame              Hex/Fire       4%         N/A       52%         3
 Portal Projectile        Hex/Tloc       8%         N/A       52%         3
 Cause Fear               Hex            4%         N/A       75%         4

Inventory:

Hand Weapons
 Y - a +1 sling (weapon)
Armour
 f - a +0 leather armour (worn)
Potions
 b - a potion of degeneration {unknown}
 c - a potion of mutation {unknown}

Dungeon Overview and Level Annotations

Branches:
Dungeon (3/15)

Altars:
Elyvilon


Message History

The sling bullet closely misses the scorpion.
The scorpion stings you but does no damage.
The orc hits you with a +0 hand axe.
The scorpion stings you but does no damage.
The orc hits you but does no damage.
You shoot a sling bullet. The sling bullet hits the scorpion.
The scorpion is lightly wounded.
The scorpion stings you. The orc hits you but does no damage.
You shoot a sling bullet.
The sling bullet barely misses the scorpion.
The scorpion barely misses you. The orc barely misses you.
The scorpion stings you but does no damage.
You shoot a sling bullet.
The sling bullet closely misses the scorpion.
The orc hits you with a +0 hand axe. The scorpion stings you.
You shoot a sling bullet.
The sling bullet hits the scorpion but does no damage.
The scorpion is lightly wounded.
The scorpion stings you. The orc hits you with a +0 hand axe.
The scorpion barely misses you. The orc misses you.
You shoot a sling bullet.
The sling bullet barely misses the scorpion.
The scorpion closely misses you. The orc barely misses you.
You shoot a sling bullet.
The sling bullet barely misses the scorpion.
The scorpion stings you. The orc barely misses you.
You shoot a sling bullet.
The sling bullet hits the scorpion but does no damage.
The scorpion is lightly wounded.
The scorpion stings you but does no damage.
The orc hits you but does no damage.
The scorpion stings you but does no damage.
You shoot a sling bullet.
The sling bullet barely misses the scorpion.
The scorpion closely misses you. The orc barely misses you.
The scorpion barely misses you.
You shoot a sling bullet. The sling bullet hits the scorpion.
The scorpion is moderately wounded.
The orc hits you with a +0 hand axe. The scorpion stings you.
You die...

.. ... .##..####
.....#.. .......
### ##....# #<#
.....#
#.########.s..##.#
#.........@o.....#
############.###.#
.. ... #%# .


You could see a scorpion and an orc.

Vanquished Creatures
  3 gnolls (D:2)
  An adder (D:2)
  3 worms
  4 dart slugs
  4 endoplasms
  A giant cockroach (D:2)
  6 goblins
  5 hobgoblins
  4 kobolds
  2 quokkas (D:2)
  6 ball pythons
  2 frilled lizards
  5 rats
46 creatures vanquished.

Notes
Turn   | Place    | Note
-------+----------+-------------------------------------------
     0 | D:1      | qw the Gargoyle Hexslinger began the quest for the Orb.
     0 | D:1      | Reached XP level 1. HP: 12/12 MP: 2/2
     0 | D:1      | 0 ||| qw: Version: 0.3-a-40-ge99b1a8
     0 | D:1      | 0 ||| qw: Game counter: 81
     0 | D:1      | 0 ||| qw: Melee chars always use a shield: true
     0 | D:1      | 0 ||| qw: God list: Okawaru
     0 | D:1      | 0 ||| qw: Allow faded altars: false
     0 | D:1      | 0 ||| qw: Do Orc after clearing Dungeon:15 true
     0 | D:1      | 0 ||| qw: Do second Lair branch before Depths: true
     0 | D:1      | 0 ||| qw: Lair rune preference: random
     0 | D:1      | 0 ||| qw: Goals: Normal
     0 | D:1      | 0 ||| PLANNING D:1-11
   125 | D:1      | Reached XP level 2. HP: 16/16 MP: 3/3
   172 | D:1      | Reached skill level 3 in Ranged Weapons
   405 | D:1      | 405 ||| UPGRADING to +0 leather armour.
   415 | D:1      | 415 ||| DROPPING +0 robe.
   416 | D:1      | 416 ||| READING scroll labelled PILICO FEUZ.
   417 | D:1      | 417 ||| READING scroll labelled LASUNI OW LEABB.
   418 | D:1      | 418 ||| DROPPING scroll of poison.
   514 | D:2      | Reached XP level 3. HP: 21/21 MP: 4/4
   572 | D:2      | 572 ||| FLEEEEING.
   856 | D:2      | Reached XP level 4. HP: 26/26 MP: 5/5
   885 | D:2      | Found a white marble altar of Elyvilon.
   979 | D:2      | 979 ||| Stepping ~*~*~tactically~*~*~ (outnumbered).
   987 | D:2      | Reached skill level 4 in Ranged Weapons
   996 | D:2      | 996 ||| FLEEEEING.
   997 | D:2      | 997 ||| FLEEEEING.
   998 | D:2      | 998 ||| FLEEEEING.
   999 | D:2      | 999 ||| FLEEEEING.
  1000 | D:2      | 1000 ||| FLEEEEING.
  1001 | D:2      | 1001 ||| STAIRDANCE
  1054 | D:1      | 1054 ||| DROPPING ring of magical power.
  1055 | D:1      | 1055 ||| READING scroll labelled YZA MOIDYVVY.
  1061 | D:2      | 1061 ||| STAIRDANCE
  1420 | D:2      | 1420 ||| READING scroll labelled MOH DINOTZOEFA.
  1437 | D:3      | Noticed a scorpion
  1449 | D:3      | HP: 5/26 [scorpion (3)]
  1454 | D:3      | HP: 1/26 [orc/+0 hand axe (4)]
  1454 | D:3      | Slain by a scorpion

Levels and vault maps discovered:
D:1:      dpeg_arrival_simpleton_c, layout_rooms
D:2:      minmay_angry_zag, layout_basic, basic_altar, grunt_ministairs_6
D:3:      layout_basic, uniq_sigmund

Skill      XL: |  1  2  3  4 |
---------------+-------------+-----
Ranged Weapons | 3 4 |  4.4
Fighting       | 2 |  2.0
Dodging        | |  1.5
Spellcasting   | |  1.0
Hexes          | |  2.6

Action                     |  1- 3 |  4- 6 || total
---------------------------+-------+-------++-------
   Fire: Sling             |   105 |    67 ||   172
    Use: Scroll            |     2 |     2 ||     4
 Armour: Leather armour    |    28 |    20 ||    48
         Robe              |     1 |       ||     1
  Dodge: Dodged            |    38 |    26 ||    64

Table legend:
 A = Non-vault XP
 B = Vault XP
 C = Vault XP percentage of total XP
 D = Non-vault monster count
 E = Vault monster count
 F = Vault count percentage of total count
                 A         B        C        D         E       F
            +---------+---------+-------+---------+---------+-------
      Total |     117 |      27 |  18.8 |      37 |       9 |  19.6
            +---------+---------+-------+---------+---------+-------
        D:1 |      30 |       0 |   0.0 |      14 |       0 |   0.0
        D:2 |      85 |      27 |  24.1 |      22 |       9 |  29.0
        D:3 |       2 |       0 |   0.0 |       1 |       0 |   0.0
            +---------+---------+-------+---------+---------+-------
